[ AOE2 MATCH · #505855567 ]
UnrankedTeutons vs Bengalis
Player's team · LOSS
Rival team · WIN
[ REPLAY ANALYSIS · EXTRACTED FROM THE RECORDED GAME ]
Feudal
8:52
Castle
22:04
Imperial
37:55
| APM avg | 39.2 |
| APM peak | 67 |
| eAPM avg | 28.5 |
| Villagers / military | 231 / 509 |
Focus
⚔️ 42.2% · 🌾 57.8%
Skirmisher ×311 · Knight ×131 · Scout Cavalry ×26 · Monk ×16 · Battering Ram ×14 · Trebuchet (Packed) ×6
Feudal
10:06
Castle
14:13
Imperial
31:03
| APM avg | 27.9 |
| APM peak | 68 |
| eAPM avg | 18.9 |
| Villagers / military | 155 / 328 |
Focus
⚔️ 34.8% · 🌾 65.2%
Scout Cavalry ×158 · Elephant Archer ×116 · Battle Elephant ×24 · Monk ×10 · Mangonel ×9 · Trebuchet (Packed) ×6
Match map
Initial resources + every placement click. Lines = walls · curves = elevation contours. ◆ gold · ⬟ stone · ● berries · ✦ relic · ◌ wall gap
Your base· ✓ Closed at 22:04 · 0t walls · 2 gate(s)
Tebini Koppini's base· ✓ Closed at 14:13 · 12t walls · 2 gate(s)
Smoothed initial terrain · ◌ = detected wall gap · hover for details
Inputs per minute
— TheMangledBadger - - Tebini Koppini
Build order — TheMangledBadger
First 150 of 888 actions detected
| 0:01 | Queue | Villager (Male) |
| 0:01 | Queue | Villager (Male) |
| 0:02 | Build | House |
| 0:03 | Build | House |
| 0:31 | Queue | Villager (Male) |
| 0:31 | Queue | Villager (Male) |
| 1:31 | Queue | Villager (Male) |
| 1:31 | Queue | Villager (Male) |
| 1:47 | Build | Lumber Camp |
| 1:56 | Queue | Villager (Male) |
| 1:56 | Queue | Villager (Male) |
| 2:30 | Queue | Villager (Male) |
| 2:49 | Queue | Villager (Male) |
| 3:04 | Queue | Villager (Male) |
| 3:47 | Queue | Villager (Male) |
| 3:47 | Queue | Villager (Male) |
| 3:50 | Build | House |
| 4:02 | Queue | Villager (Male) |
| 4:02 | Queue | Villager (Male) |
| 4:20 | Queue | Villager (Male) |
| 4:20 | Queue | Villager (Male) |
| 4:23 | Queue | Villager (Male) |
| 4:23 | Queue | Villager (Male) |
| 4:27 | Build | Mill |
| 5:04 | Queue | Villager (Male) |
| 5:10 | Build | House |
| 6:01 | Research | Loom |
| 6:36 | Research | Feudal Age |
| 6:59 | Queue | Villager (Male) |
| 7:00 | Queue | Villager (Male) |
| 7:41 | Queue | Villager (Male) |
| 8:22 | Build | House |
| 8:52 | Age | Feudal Age |
| 8:55 | Build | Watch Tower |
| 9:07 | Research | Double-Bit Axe |
| 9:29 | Queue | Villager (Male) |
| 9:55 | Build | Mining Camp |
| 10:05 | Build | Mining Camp |
| 10:16 | Queue | Villager (Male) |
| 10:34 | Build | House |
| 10:35 | Build | Lumber Camp |
| 10:45 | Queue | Villager (Male) |
| 10:46 | Queue | Villager (Male) |
| 10:47 | Queue | Villager (Male) |
| 11:21 | Queue | Villager (Male) |
| 11:31 | Build | Watch Tower |
| 11:47 | Queue | Villager (Male) |
| 11:52 | Build | Blacksmith |
| 11:54 | Build | House |
| 11:56 | Build | House |
| 11:57 | Queue | Villager (Male) |
| 12:06 | Queue | Villager (Male) |
| 12:44 | Queue | Villager (Male) |
| 12:57 | Queue | Villager (Male) |
| 13:10 | Build | Barracks |
| 13:13 | Queue | Villager (Male) |
| 13:26 | Build | Watch Tower |
| 13:34 | Queue | Villager (Male) |
| 13:57 | Research | Horse Collar |
| 13:59 | Build | Farm |
| 14:36 | Build | Archery Range |
| 14:54 | Build | Farm |
| 14:55 | Build | Farm |
| 14:58 | Build | Farm |
| 15:00 | Build | Farm |
| 15:08 | Queue | Villager (Male) |
| 15:12 | Build | Farm |
| 15:39 | Build | Watch Tower |
| 15:45 | Queue | Villager (Male) |
| 15:54 | Queue | Villager (Male) |
| 16:01 | Queue | Villager (Male) |
| 16:19 | Queue | Villager (Male) |
| 16:21 | Build | Farm |
| 16:22 | Build | Farm |
| 16:23 | Build | Farm |
| 16:24 | Build | Farm |
| 16:25 | Queue | Villager (Male) |
| 16:58 | Build | Watch Tower |
| 17:00 | Queue | Villager (Male) |
| 17:02 | Build | Farm |
| 17:04 | Build | Farm |
| 17:06 | Build | Farm |
| 17:10 | Build | Mining Camp |
| 17:13 | Build | Market |
| 17:14 | Queue | Villager (Male) |
| 17:18 | Build | Farm |
| 17:19 | Queue | Villager (Male) |
| 17:38 | Build | Farm |
| 18:11 | Build | Mining Camp |
| 18:22 | Build | Farm |
| 18:23 | Build | Farm |
| 18:24 | Build | Farm |
| 18:25 | Build | Farm |
| 19:17 | Queue | Villager (Male) |
| 19:24 | Research | Castle Age |
| 19:34 | Build | Lumber Camp |
| 19:43 | Build | Farm |
| 19:55 | Research | Gold Mining |
| 20:06 | Build | Stable |
| 20:16 | Build | House |
| 20:17 | Build | House |
| 20:19 | Build | House |
| 20:31 | Build | House |
| 20:32 | Build | House |
| 20:37 | Build | House |
| 20:38 | Build | House |
| 20:40 | Queue | Villager (Male) |
| 20:41 | Queue | Villager (Male) |
| 20:54 | Queue | Villager (Male) |
| 20:57 | Research | Wheelbarrow |
| 21:06 | Queue | Scout Cavalry |
| 21:43 | Build | Stable |
| 22:04 | Age | Castle Age |
| 22:10 | Queue | Knight |
| 22:13 | Queue | Villager (Male) |
| 22:26 | Build | Town Center |
| 22:27 | Queue | Villager (Male) |
| 22:30 | Queue | Villager (Male) |
| 22:32 | Queue | Knight |
| 22:56 | Queue | Villager (Male) |
| 22:59 | Queue | Villager (Male) |
| 23:12 | Build | Monastery |
| 23:21 | Build | Gate |
| 23:24 | Queue | Villager (Male) |
| 23:26 | Research | Bow Saw |
| 23:30 | Queue | Villager (Male) |
| 23:48 | Queue | Villager (Male) |
| 23:57 | Queue | Villager (Male) |
| 23:58 | Research | Hand Cart |
| 24:00 | Queue | Villager (Male) |
| 24:08 | Queue | Monk |
| 24:09 | Queue | Monk |
| 24:20 | Queue | Villager (Male) |
| 24:32 | Build | Siege Workshop |
| 24:34 | Queue | Villager (Male) |
| 24:37 | Queue | Villager (Male) |
| 24:45 | Research | Bloodlines |
| 24:46 | Queue | Villager (Male) |
| 24:47 | Queue | Monk |
| 24:53 | Queue | Villager (Male) |
| 24:55 | Build | Farm |
| 24:55 | Build | Farm |
| 24:57 | Queue | Villager (Male) |
| 25:08 | Queue | Villager (Male) |
| 25:12 | Queue | Villager (Male) |
| 25:26 | Queue | Villager (Male) |
| 25:29 | Research | Forging |
| 25:35 | Build | Town Center |
| 25:37 | Queue | Villager (Male) |
| 25:39 | Build | House |
Build order — Tebini Koppini
First 150 of 481 actions detected
| 0:01 | Queue | Villager (Male) ×4 |
| 0:03 | Build | House |
| 0:05 | Build | House |
| 1:36 | Queue | Villager (Male) |
| 1:36 | Queue | Villager (Male) |
| 1:36 | Queue | Villager (Male) |
| 1:46 | Build | Lumber Camp |
| 2:05 | Queue | Villager (Male) ×2 |
| 2:05 | Queue | Villager (Male) ×2 |
| 2:54 | Queue | Villager (Male) |
| 2:54 | Queue | Villager (Male) |
| 3:07 | Build | House |
| 3:16 | Queue | Villager (Male) ×2 |
| 3:17 | Queue | Villager (Male) ×2 |
| 3:49 | Queue | Villager (Male) |
| 4:34 | Queue | Villager (Male) ×2 |
| 4:34 | Queue | Villager (Male) ×2 |
| 4:34 | Queue | Villager (Male) ×2 |
| 5:16 | Queue | Villager (Male) |
| 5:22 | Build | House |
| 5:42 | Queue | Villager (Male) |
| 6:06 | Queue | Villager (Male) |
| 6:20 | Build | Mill |
| 6:28 | Queue | Villager (Male) ×5 |
| 6:49 | Build | Mining Camp |
| 7:20 | Build | House |
| 7:28 | Build | Farm |
| 7:31 | Build | Farm |
| 7:55 | Research | Feudal Age |
| 7:55 | Research | Feudal Age |
| 8:20 | Build | Farm |
| 8:40 | Queue | Villager (Male) |
| 8:40 | Queue | Villager (Male) |
| 8:59 | Research | Loom |
| 9:32 | Queue | Villager (Male) |
| 10:06 | Age | Feudal Age |
| 10:07 | Build | Market |
| 10:11 | Build | Blacksmith |
| 10:15 | Build | Palisade Wall |
| 10:32 | Build | Palisade Wall |
| 11:02 | Queue | Villager (Male) |
| 11:33 | Research | Castle Age |
| 11:33 | Research | Castle Age |
| 11:33 | Research | Castle Age |
| 11:46 | Build | House |
| 11:49 | Build | House |
| 12:06 | Build | House |
| 12:30 | Research | Double-Bit Axe |
| 12:45 | Build | Farm |
| 12:47 | Build | Farm |
| 13:13 | Build | House |
| 13:22 | Queue | Villager (Male) |
| 13:22 | Queue | Villager (Male) |
| 13:29 | Build | Mining Camp |
| 13:38 | Build | House |
| 14:13 | Age | Castle Age |
| 14:14 | Build | Siege Workshop |
| 14:42 | Queue | Mangonel |
| 14:42 | Queue | Mangonel |
| 14:45 | Queue | Villager (Male) |
| 15:01 | Queue | Mangonel |
| 15:12 | Build | Farm |
| 15:49 | Queue | Villager (Male) |
| 15:49 | Queue | Villager (Male) |
| 15:57 | Queue | Mangonel |
| 16:32 | Queue | Villager (Male) |
| 16:32 | Queue | Villager (Male) |
| 16:47 | Queue | Villager (Male) |
| 16:58 | Queue | Villager (Male) |
| 17:06 | Queue | Villager (Male) |
| 17:06 | Queue | Villager (Male) |
| 17:28 | Queue | Villager (Male) |
| 17:29 | Queue | Villager (Male) |
| 17:49 | Build | Town Center |
| 18:05 | Queue | Villager (Male) |
| 18:24 | Build | House |
| 18:25 | Build | House |
| 18:44 | Queue | Villager (Male) |
| 18:48 | Queue | Villager (Male) |
| 18:48 | Queue | Villager (Male) |
| 18:49 | Queue | Villager (Male) |
| 18:55 | Build | Farm |
| 18:56 | Build | Farm |
| 18:59 | Build | Farm |
| 19:01 | Queue | Villager (Male) |
| 19:02 | Queue | Villager (Male) |
| 19:27 | Build | Monastery |
| 19:31 | Queue | Villager (Male) |
| 19:32 | Queue | Villager (Male) |
| 19:50 | Queue | Villager (Male) |
| 19:53 | Build | Farm |
| 19:57 | Build | Farm |
| 20:00 | Build | Farm |
| 20:02 | Build | Farm |
| 20:05 | Queue | Villager (Male) |
| 20:11 | Build | Farm |
| 20:22 | Queue | Monk |
| 20:26 | Queue | Villager (Male) |
| 20:36 | Build | Mining Camp |
| 20:37 | Queue | Villager (Male) |
| 20:46 | Queue | Villager (Male) |
| 20:46 | Queue | Villager (Male) |
| 20:54 | Build | Farm |
| 20:57 | Build | Farm |
| 21:00 | Queue | Villager (Male) |
| 21:10 | Queue | Villager (Male) |
| 21:18 | Queue | Monk |
| 21:23 | Queue | Villager (Male) |
| 21:25 | Queue | Villager (Male) |
| 21:42 | Build | Mill |
| 21:43 | Build | Farm |
| 21:43 | Build | Farm |
| 21:43 | Build | Farm |
| 21:44 | Build | Farm |
| 21:45 | Build | Farm |
| 21:46 | Build | Farm |
| 21:47 | Queue | Villager (Male) |
| 21:48 | Queue | Villager (Male) |
| 22:06 | Queue | Villager (Male) |
| 22:06 | Queue | Villager (Male) |
| 22:15 | Queue | Villager (Male) |
| 22:15 | Queue | Villager (Male) |
| 22:15 | Queue | Villager (Male) |
| 22:49 | Queue | Villager (Male) |
| 22:49 | Queue | Villager (Male) |
| 22:50 | Queue | Villager (Male) |
| 22:58 | Build | Town Center |
| 23:03 | Queue | Villager (Male) |
| 23:04 | Queue | Villager (Male) |
| 23:04 | Queue | Villager (Male) |
| 23:19 | Research | Town Watch |
| 23:19 | Queue | Villager (Male) |
| 23:20 | Queue | Villager (Male) |
| 23:21 | Queue | Villager (Male) |
| 23:23 | Queue | Villager (Male) |
| 23:50 | Queue | Villager (Male) |
| 23:50 | Queue | Villager (Male) |
| 23:51 | Queue | Villager (Male) |
| 24:01 | Queue | Villager (Male) |
| 24:01 | Queue | Villager (Male) |
| 24:08 | Build | Farm |
| 24:09 | Build | Farm |
| 24:15 | Queue | Villager (Male) |
| 24:15 | Queue | Villager (Male) |
| 24:15 | Queue | Villager (Male) |
| 24:27 | Queue | Villager (Male) |
| 24:27 | Queue | Villager (Male) |
| 24:27 | Queue | Villager (Male) |
| 24:35 | Build | Farm |
| 24:58 | Build | Castle |
Match timeline
| 8:52 | TheMangledBadger · age_up feudal |
| 10:06 | Tebini Koppini · age_up feudal |
| 10:15 | Tebini Koppini · wall_segment Palisade Wall x1 |
| 10:32 | Tebini Koppini · wall_segment Palisade Wall x11 |
| 11:23 | Tebini Koppini · first_market_sell 500 stone |
| 11:25 | Tebini Koppini · first_market_buy 100 food |
| 13:10 | TheMangledBadger · first_building Barracks |
| 14:13 | Tebini Koppini · age_up castle |
| 14:14 | Tebini Koppini · first_building Siege Workshop |
| 14:36 | TheMangledBadger · first_building Archery Range |
| 18:42 | TheMangledBadger · first_market_sell 100 wood |
| 19:27 | Tebini Koppini · first_building Monastery |
| 20:06 | TheMangledBadger · first_building Stable |
| 22:04 | TheMangledBadger · age_up castle |
| 23:12 | TheMangledBadger · first_building Monastery |
| 24:32 | TheMangledBadger · first_building Siege Workshop |
| 24:58 | Tebini Koppini · first_building Castle |
| 25:16 | Tebini Koppini · first_building Barracks |
| 26:40 | Tebini Koppini · first_building Archery Range |
| 31:03 | Tebini Koppini · age_up imperial |
| 33:23 | TheMangledBadger · first_building Castle |
| 37:55 | TheMangledBadger · age_up imperial |
| 41:44 | Tebini Koppini · first_building Stable |
| 58:27 | TheMangledBadger · resign |
[ AI ANALYSIS · 1 CREDIT ]
What really happened in this match?
Wolo.gg analyzes every decision: build order, eco, micro, common mistakes by bracket. Personalized analysis on WhatsApp or Discord in 30 seconds.
Civ guide
Teutons
Perfil
Jugador #775492